TOP OF THE 1ST |
Frisco RoughRiders batting - Pitching for Portland Sea Dogs : LHP Eric Del Sordo
|
Pitching: LHP Eric Del Sordo
|
|
Batting: RHB Jason Sher
|
0-0: Ball 1-0: Called Strike 1-1: Foul Ball, location: 2F 1-2: Ball 2-2: Strikes out swinging
|
Batting: RHB Alex Sandoval
|
0-0: Ball 1-0: Ground out 4-3 (Groundball, 4M, EV 76.9 MPH)
|
Batting: RHB Andres Valles
|
0-0: SOLO HOME RUN (Flyball, 78XD, EV 113.1 MPH), Distance : 447 ft
|
Batting: RHB Joe Kemp
|
0-0: Called Strike 0-1: Ball 1-1: Ball 2-1: Ground out 5-3 (Groundball, 56, EV 104.4 MPH)
|
Top of the 1st over - 1 run, 1 hit, 0 errors, 0 left on base; Frisco 1 - Portland 0 |
BOTTOM OF THE 1ST |
Portland Sea Dogs batting - Pitching for Frisco RoughRiders : RHP Jeff Kidd
|
Pitching: RHP Jeff Kidd
|
|
Batting: LHB Julian Toney
|
0-0: Ball 1-0: Called Strike 1-1: Ball 2-1: Called Strike 2-2: Foul Ball, location: 2F 2-2: Foul Ball, location: 2F 2-2: Ground out 4-3 (Groundball, 4, EV 102.5 MPH)
|
Batting: RHB Manny Jurado
|
0-0: Ground out 5-3 (Groundball, 56, EV 78.8 MPH)
|
Batting: LHB Jarrett Mordecai
|
0-0: Ball 1-0: Ball 2-0: Called Strike 2-1: Swinging Strike 2-2: Fly out, F4 (Popup, 4, EV 56.2 MPH)
|
Bottom of the 1st over - 0 runs, 0 hits, 0 errors, 0 left on base; Frisco 1 - Portland 0 |
TOP OF THE 2ND |
Frisco RoughRiders batting - Pitching for Portland Sea Dogs : LHP Eric Del Sordo
|
Batting: RHB Dennis Daniels
|
0-0: Ball 1-0: Called Strike 1-1: Ground out 6-3 (Groundball, 6, EV 86.2 MPH)
|
Batting: RHB C.J. Sagle
|
0-0: Ball 1-0: DOUBLE (Groundball, 5L, EV 106.2 MPH)
|
Batting: RHB Zach Thomason
|
0-0: Ball 1-0: Ball C.J. Sagle steals 3rd base 2-0: SINGLE (Groundball, 6MD, EV 103.8 MPH) C.J. Sagle scores
|
Batting: LHB Justin Balthazor
|
0-0: SINGLE (Flyball, 56D, EV 88.8 MPH) Zach Thomason to second
|
Batting: LHB Franklin Quezada
|
0-0: Called Strike 0-1: Swinging Strike 0-2: Grounds into double play, 6-4-3 (Groundball, 6M, EV 105.6 MPH)
|
Top of the 2nd over - 1 run, 3 hits, 0 errors, 1 left on base; Frisco 2 - Portland 0 |
BOTTOM OF THE 2ND |
Portland Sea Dogs batting - Pitching for Frisco RoughRiders : RHP Jeff Kidd
|
Batting: LHB Blake Sams
|
0-0: Ball 1-0: Ball 2-0: Called Strike 2-1: SINGLE (Line Drive, 4MD, EV 96.2 MPH)
|
Batting: RHB Carlos Nolasco
|
0-0: Foul Ball, location: 2F 0-1: Ball 1-1: Called Strike 1-2: SINGLE (Groundball, 56, EV 103.8 MPH) (infield hit) Blake Sams to second
|
Batting: RHB Neil Mautone
|
0-0: Foul Ball, location: 2F 0-1: Ball 1-1: Called Strike 1-2: Ball 2-2: Strikes out looking
|
Batting: RHB John Chiesa
|
0-0: Swinging Strike 0-1: Fly out, F8 (Flyball, 8RXD, EV 93.1 MPH) Runner from 2nd tags up, SAFE at 3rd, no throw by CF
|
Batting: RHB Adugna Chandu
|
0-0: Ball 1-0: SINGLE (Groundball, 34D, EV 95.0 MPH) Blake Sams scores Carlos Nolasco to second Runner from 2nd tries for 3rd, SAFE, throw by RF made at trailing runner, OUT! 9-6
|
Bottom of the 2nd over - 1 run, 3 hits, 0 errors, 1 left on base; Frisco 2 - Portland 1 |
TOP OF THE 3RD |
Frisco RoughRiders batting - Pitching for Portland Sea Dogs : LHP Eric Del Sordo
|
Batting: RHB Jason Sher
|
0-0: Ball 1-0: Ball 2-0: Ball 3-0: Called Strike 3-1: Foul Ball, location: 2F 3-2: Foul Ball, location: 2F 3-2: Foul Ball, location: 2F 3-2: Base on Balls
|
Batting: RHB Alex Sandoval
|
0-0: Ball Jason Sher steals 2nd base 1-0: Ball 2-0: Called Strike 2-1: Foul Ball, location: 2F 2-2: Foul Ball, location: 2F 2-2: Ball 3-2: Foul Ball, location: 2F 3-2: TRIPLE (Line Drive, 89XD, EV 107.5 MPH) Jason Sher scores
|
Batting: RHB Andres Valles
|
0-0: Called Strike 0-1: Fly out, F8 (Line Drive, 8RM, EV 98.8 MPH) Runner from 3rd tags up, OUT at HOME! 8-2
|
Batting: RHB Joe Kemp
|
0-0: Ball 1-0: Called Strike 1-1: Swinging Strike 1-2: Foul Ball, location: 2F 1-2: Foul Ball, location: 2F 1-2: Ball 2-2: Strikes out swinging
|
Top of the 3rd over - 1 run, 1 hit, 0 errors, 0 left on base; Frisco 3 - Portland 1 |
BOTTOM OF THE 3RD |
Portland Sea Dogs batting - Pitching for Frisco RoughRiders : RHP Jeff Kidd
|
Batting: RHB Joe Evrard
|
0-0: Called Strike 0-1: Ground out U3 (Groundball, 34, EV 76.2 MPH)
|
Batting: LHB Julian Toney
|
0-0: Ball 1-0: Ball 2-0: SINGLE (Line Drive, 8LS, EV 106.9 MPH)
|
Batting: RHB Manny Jurado
|
0-0: Ball 1-0: Called Strike 1-1: Ball 2-1: Ball Julian Toney steals 2nd base 3-1: Base on Balls
|
Batting: LHB Jarrett Mordecai
|
0-0: Foul Ball, location: 2F 0-1: SINGLE (Groundball, 3D, EV 95.0 MPH) Julian Toney to third Manny Jurado to second Runner from 3rd tries for Home, SAFE, throw by RF to home
|
Batting: LHB Blake Sams
|
0-0: Called Strike 0-1: Ball 1-1: Fly out, F7 (Flyball, 7, EV 91.2 MPH)
|
Batting: RHB Carlos Nolasco
|
0-0: Foul Ball, location: 2F 0-1: Ball 1-1: DOUBLE (Line Drive, 8LXD, EV 102.5 MPH) Manny Jurado scores Jarrett Mordecai to third
|
Batting: RHB Neil Mautone
|
0-0: Ball 1-0: Fly out, F7 (Flyball, 7S, EV 86.2 MPH)
|
Bottom of the 3rd over - 2 runs, 3 hits, 0 errors, 2 left on base; Frisco 3 - Portland 3 |
TOP OF THE 4TH |
Frisco RoughRiders batting - Pitching for Portland Sea Dogs : LHP Eric Del Sordo
|
Batting: RHB Dennis Daniels
|
0-0: Ball 1-0: Ball 2-0: Ground out 6-3 (Groundball, 56, EV 92.5 MPH)
|
Batting: RHB C.J. Sagle
|
0-0: Fly out, F8 (Flyball, 8RS, EV 96.2 MPH)
|
Batting: RHB Zach Thomason
|
0-0: Called Strike 0-1: Ball 1-1: Ball 2-1: Ball 3-1: Base on Balls
|
Batting: LHB Justin Balthazor
|
0-0: Ball 1-0: Ball 2-0: Foul Ball, location: 2F 2-1: Ball 3-1: Ground out 4-3 (Groundball, 34D, EV 101.2 MPH)
|
Top of the 4th over - 0 runs, 0 hits, 0 errors, 1 left on base; Frisco 3 - Portland 3 |
BOTTOM OF THE 4TH |
Portland Sea Dogs batting - Pitching for Frisco RoughRiders : RHP Jeff Kidd
|
Batting: RHB John Chiesa
|
0-0: Ball 1-0: Foul Ball, location: 2F 1-1: Foul Ball, location: 2F 1-2: Fly out, F7 (Line Drive, 7, EV 94.4 MPH)
|
Batting: RHB Adugna Chandu
|
0-0: Called Strike 0-1: Ball 1-1: Ball 2-1: Foul Ball, location: 2F 2-2: Ground out 6-3 (Groundball, 6, EV 92.5 MPH)
|
Batting: RHB Joe Evrard
|
0-0: Called Strike 0-1: Swinging Strike 0-2: Strikes out looking
|
Bottom of the 4th over - 0 runs, 0 hits, 0 errors, 0 left on base; Frisco 3 - Portland 3 |
TOP OF THE 5TH |
Frisco RoughRiders batting - Pitching for Portland Sea Dogs : LHP Eric Del Sordo
|
Batting: LHB Franklin Quezada
|
0-0: Ball 1-0: Foul Ball, location: 2F 1-1: Foul Ball, location: 2F 1-2: Foul Ball, location: 2F 1-2: Ball 2-2: Ball 3-2: SINGLE (Groundball, 3D, EV 106.9 MPH)
|
Batting: RHB Jason Sher
|
0-0: Ball 1-0: Ball 2-0: Called Strike 2-1: Called Strike 2-2: Strikes out swinging Franklin Quezada steals 2nd base Batter strikes out.
|
Batting: RHB Alex Sandoval
|
0-0: Called Strike 0-1: Foul Ball, location: 2F 0-2: Foul Ball, location: 2F 0-2: Ball Wild Pitch! Franklin Quezada to third 1-2: Ground out 5-3 (Groundball, 5, EV 89.4 MPH)
|
Batting: RHB Andres Valles
|
0-0: Called Strike 0-1: Called Strike 0-2: Foul Ball, location: 2F 0-2: Ball 1-2: Foul Ball, location: 2F 1-2: Ground out 3-1 (Groundball, 34, EV 88.8 MPH)
|
Top of the 5th over - 0 runs, 1 hit, 0 errors, 1 left on base; Frisco 3 - Portland 3 |
BOTTOM OF THE 5TH |
Portland Sea Dogs batting - Pitching for Frisco RoughRiders : RHP Jeff Kidd
|
Batting: LHB Julian Toney
|
0-0: Ball 1-0: Foul Ball, location: 2F 1-1: Foul Ball, location: 2F 1-2: Ball 2-2: Ball 3-2: Ground out 4-3 (Groundball, 4M, EV 77.5 MPH)
|
Batting: RHB Manny Jurado
|
0-0: Ball 1-0: Swinging Strike 1-1: Foul Ball, location: 2F 1-2: Foul Ball, location: 2F 1-2: Ball 2-2: Foul Ball, location: 2F 2-2: Fly out, F7 (Line Drive, 7D, EV 93.8 MPH)
|
Batting: LHB Jarrett Mordecai
|
0-0: Called Strike 0-1: Foul Ball, location: 2F 0-2: Strikes out looking
|
Bottom of the 5th over - 0 runs, 0 hits, 0 errors, 0 left on base; Frisco 3 - Portland 3 |
TOP OF THE 6TH |
Frisco RoughRiders batting - Pitching for Portland Sea Dogs : LHP Eric Del Sordo
|
Batting: RHB Joe Kemp
|
0-0: Ball 1-0: Called Strike 1-1: Ball 2-1: Called Strike 2-2: Ball 3-2: SINGLE (Groundball, 6S, EV 73.8 MPH) (infield hit)
|
Batting: RHB Dennis Daniels
|
0-0: Ball 1-0: Ball 2-0: Ball 3-0: DOUBLE (Line Drive, 9LM, EV 108.8 MPH) Joe Kemp to third Runner from 3rd tries for Home, SAFE, no throw by RF
|
Pitching: RHP Wayne Kerrick
|
|
Batting: RHB C.J. Sagle
|
0-0: Called Strike 0-1: Fly out, F8 (Flyball, 8RS, EV 96.9 MPH)
|
Batting: RHB Zach Thomason
|
0-0: Foul Ball, location: 2F 0-1: Foul Ball, location: 2F 0-2: Ball 1-2: Fly out, F8 (Flyball, 89M, EV 82.5 MPH)
|
Batting: LHB Justin Balthazor
|
0-0: Ball 1-0: SINGLE (Groundball, 4MD, EV 103.8 MPH) Dennis Daniels to third Runner from 3rd tries for Home, SAFE, throw by CF to home Justin Balthazor to second
|
Batting: LHB Franklin Quezada
|
0-0: Ground out 4-3 (Groundball, 4S, EV 95.0 MPH)
|
Top of the 6th over - 2 runs, 3 hits, 0 errors, 1 left on base; Frisco 5 - Portland 3 |
BOTTOM OF THE 6TH |
Portland Sea Dogs batting - Pitching for Frisco RoughRiders : RHP Jeff Kidd
|
Batting: LHB Blake Sams
|
0-0: Ball 1-0: Swinging Strike 1-1: Called Strike 1-2: Strikes out looking
|
Batting: RHB Carlos Nolasco
|
0-0: Foul Ball, location: 2F 0-1: Ball 1-1: Ball 2-1: Ball 3-1: Ground out U3 (Groundball, 3S, EV 69.4 MPH)
|
Batting: RHB Neil Mautone
|
0-0: Swinging Strike 0-1: Foul Ball, location: 2F 0-2: DOUBLE (Line Drive, 7LM, EV 106.2 MPH)
|
Batting: RHB John Chiesa
|
0-0: Swinging Strike 0-1: Foul Ball, location: 2F 0-2: Foul Ball, location: 2F 0-2: Ball 1-2: Strikes out looking
|
Bottom of the 6th over - 0 runs, 1 hit, 0 errors, 1 left on base; Frisco 5 - Portland 3 |
TOP OF THE 7TH |
Frisco RoughRiders batting - Pitching for Portland Sea Dogs : RHP Wayne Kerrick
|
Batting: RHB Jason Sher
|
0-0: Fly out, F4 (Popup, 3S, EV 86.9 MPH)
|
Batting: RHB Alex Sandoval
|
0-0: Ground out 5-3 (Groundball, 5, EV 96.9 MPH)
|
Batting: RHB Andres Valles
|
0-0: Called Strike 0-1: Fly out, F3 (Popup, 3S, EV 70.0 MPH)
|
Top of the 7th over - 0 runs, 0 hits, 0 errors, 0 left on base; Frisco 5 - Portland 3 |
BOTTOM OF THE 7TH |
Portland Sea Dogs batting - Pitching for Frisco RoughRiders : RHP Jeff Kidd
|
Batting: RHB Adugna Chandu
|
0-0: Called Strike 0-1: Swinging Strike 0-2: Strikes out swinging
|
Batting: RHB Joe Evrard
|
0-0: Ball 1-0: Ball 2-0: Called Strike 2-1: Ball 3-1: Fly out, F4 (Popup, 4, EV 62.5 MPH)
|
Batting: LHB Julian Toney
|
0-0: Ball 1-0: Foul Ball, location: 2F 1-1: Ball 2-1: Ball 3-1: Called Strike 3-2: Foul Ball, location: 2F 3-2: Foul Ball, location: 2F 3-2: Foul Ball, location: 2F 3-2: Foul Ball, location: 2F 3-2: Strikes out swinging
|
Bottom of the 7th over - 0 runs, 0 hits, 0 errors, 0 left on base; Frisco 5 - Portland 3 |
TOP OF THE 8TH |
Frisco RoughRiders batting - Pitching for Portland Sea Dogs : RHP Wayne Kerrick
|
Batting: RHB Joe Kemp
|
0-0: Ball 1-0: Called Strike 1-1: Called Strike 1-2: Strikes out swinging, 2-3 out at first.
|
Batting: RHB Dennis Daniels
|
0-0: Ball 1-0: Ball 2-0: Fly out, F4 (Popup, 6M, EV 66.9 MPH)
|
Batting: RHB C.J. Sagle
|
0-0: Ground out 4-3 (Groundball, 4, EV 106.9 MPH)
|
Top of the 8th over - 0 runs, 0 hits, 0 errors, 0 left on base; Frisco 5 - Portland 3 |
BOTTOM OF THE 8TH |
Portland Sea Dogs batting - Pitching for Frisco RoughRiders : RHP Jeff Kidd
|
Pitching: RHP Mario Vizcaya
|
|
Batting: RHB Manny Jurado
|
0-0: Ball 1-0: Ball 2-0: Fly out, F8 (Flyball, 89XD, EV 97.5 MPH)
|
Batting: LHB Jarrett Mordecai
|
0-0: Ball 1-0: Swinging Strike 1-1: Fly out, F7 (Flyball, 7S, EV 85.0 MPH)
|
Batting: LHB Blake Sams
|
0-0: Ball 1-0: Ball 2-0: Ground out 4-3 (Groundball, 4, EV 96.9 MPH)
|
Bottom of the 8th over - 0 runs, 0 hits, 0 errors, 0 left on base; Frisco 5 - Portland 3 |
TOP OF THE 9TH |
Frisco RoughRiders batting - Pitching for Portland Sea Dogs : RHP Wayne Kerrick
|
Pitching: RHP Pedro Torres
|
|
Batting: RHB Zach Thomason
|
0-0: Ball 1-0: Foul Ball, location: 2F 1-1: Ball 2-1: Ball 3-1: Base on Balls
|
Batting: LHB Justin Balthazor
|
0-0: Ball 1-0: Ball 2-0: Ball 3-0: Base on Balls Zach Thomason to second
|
Batting: LHB Franklin Quezada
|
0-0: Ball 1-0: Bunted foul 1-1: Sac Bunt to P - play at first, batter OUT! 1-4 Zach Thomason to third Justin Balthazor to second
|
Batting: RHB Jason Sher
|
0-0: SINGLE (Groundball, 34D, EV 105.0 MPH) Zach Thomason scores Justin Balthazor to third
|
Batting: RHB Alex Sandoval
|
0-0: Ball 1-0: Ball Jason Sher steals 2nd base 2-0: Ground out 5-3 (Groundball, 56S, EV 87.5 MPH) Justin Balthazor scores
|
Batting: RHB Andres Valles
|
0-0: Foul Ball, location: 2F 0-1: Ball 1-1: Foul Ball, location: 2F 1-2: Strikes out swinging
|
Top of the 9th over - 2 runs, 1 hit, 0 errors, 1 left on base; Frisco 7 - Portland 3 |
BOTTOM OF THE 9TH |
Portland Sea Dogs batting - Pitching for Frisco RoughRiders : RHP Mario Vizcaya
|
Batting: RHB Carlos Nolasco
|
0-0: Ball 1-0: Foul Ball, location: 2F 1-1: Ball 2-1: Swinging Strike 2-2: Ball 3-2: Foul Ball, location: 2F 3-2: Fly out, F8 (Flyball, 8LD, EV 93.8 MPH)
|
Batting: RHB Neil Mautone
|
0-0: Ball 1-0: Called Strike 1-1: Ball 2-1: Ball 3-1: Base on Balls
|
Batting: RHB John Chiesa
|
0-0: Called Strike 0-1: Ball 1-1: Fielders Choice at 2nd, 4-6 (Groundball, 4, EV 86.9 MPH)
|
Batting: RHB Adugna Chandu
|
0-0: Ground out 4-3 (Groundball, 13, EV 77.5 MPH)
|
Bottom of the 9th over - 0 runs, 0 hits, 0 errors, 1 left on base; Frisco 7 - Portland 3 |
|